 Dungeon Crawl Stone Soup version 0.17.1-1-g73c8601 (webtiles) character file.

79 Rationalist the Shield-Bearer (level 4, 0/37 HPs)
             Began as a Formicid Fighter on Dec 16, 2015.
             Succumbed to poison (a potion of poison)
             ... on level 3 of the Dungeon.
             The game lasted 00:03:00 (2342 turns).

Rationalist the Shield-Bearer (Formicid Fighter)    Turns: 2342, Time: 00:03:00

Health: 0/37       AC:  7    Str: 21    XL:     4   Next: 64%
Magic:  4/4        EV: 13    Int:  7    God:
Gold:   57         SH: 10    Dex: 16    Spells: 0 memorised, 3 levels left

rFire  . . .     SeeInvis +     a - +0 war axe
rCold  . . .     Clarity  .     b - +0 scale mail
rNeg   . . .     SustAt   .     c - +0 shield
rPois  .         Gourm    +     (helmet unavailable)
rElec  .         Spirit   .     (no cloak)
rCorr  .         Warding  .     (no gloves)
rMut   .         Stasis   +     (no boots)
MR     .....                    o - amulet of the gourmand
Stlth  +.........               (no ring)
                                (no ring)

@: agile, lethally poisoned (0 -> -10), not resistant to hostile enchantments,
very unstealthy
A: permanent stasis, dig shafts and tunnels, four strong arms, antennae 3
a: Dig, Shaft Self


You were on level 3 of the Dungeon.
You were very full.

You visited 1 branch of the dungeon, and saw 3 of its levels.

You collected 57 gold pieces.

Inventory:

Hand Weapons
 a - a +0 war axe (weapon)
Missiles
 h - 26 bolts
Armour
 b - a +0 scale mail (worn)
 c - a +0 shield (worn)
Jewellery
 l - an uncursed amulet of warding
 o - an amulet of the gourmand (around neck)
Scrolls
 f - 2 scrolls of teleportation {unknown}
 g - 4 scrolls of identify {unknown}
 n - a scroll of enchant armour {unknown}
 p - a scroll of magic mapping {unknown}
 s - 2 scrolls of recharging {unknown}
Potions
 d - a potion of might
 k - a potion of magic
Comestibles
 e - 2 bread rations
 i - 3 meat rations
 j - 2 beef jerkies
 m - a slice of pizza
 r - a fruit


   Skills:
 + Level 3.8 Fighting
 + Level 2.4 Axes
 + Level 3.8 Armour
 + Level 1.0 Dodging
 + Level 0.3 Stealth
 + Level 4.4 Shields


You had 3 spell levels left.
You didn't know any spells.

Dungeon Overview and Level Annotations

Branches:
Dungeon (3/15)

Altars:
Fedhas


Innate Abilities, Weirdness & Mutations

You are under a permanent stasis effect.
You can dig through walls and to a lower floor.
Your four strong arms can wield two-handed weapons with a shield.
You have a pair of large antennae on your head (SInv).


Message History

You block the gnoll's attack. The gnoll hits you but does no damage.
Unknown command.
Drink which item? (? for menu, Esc to quit)
It was a potion of magic.
Magic courses through your body. The gnoll hits you with a whip.
* * * LOW HITPOINT WARNING * * *
Drink which item? (? for menu, Esc to quit)
It was a potion of agility.
You feel agile all of a sudden. The gnoll barely misses you.
The gnoll hits you with a whip!
* * * LOW HITPOINT WARNING * * *
Drink which item? (? for menu, Esc to quit)
It was a potion of poison.
That liquid tasted very nasty...
You are lethally poisoned!
* * * LOW HITPOINT WARNING * * *
You feel sick. The gnoll closely misses you. The gnoll closely misses you.
Drink which item? (? for menu, Esc to quit)
You feel more agile all of a sudden.
You die... #..# #..# ...# { #.. .gg

#g# #g# #@#
########### #.#
#.......... #.#
#.#########
.#####.######.#
...............#
..##############


You could see 4 gnolls.

Vanquished Creatures
  2 adders (D:2)
  An ooze (D:1)
  2 worms (D:2)
  A ball python (D:1)
  7 bats
  7 hobgoblins
  10 kobolds
  A quokka (D:2)
  6 giant newts
  7 goblins
  4 jackals (D:2)
  3 rats
51 creatures vanquished.

Notes
Turn   | Place    | Note
--------------------------------------------------------------
     0 | D:1      | Rationalist the Formicid Fighter began the quest for the Orb.
     0 | D:1      | Reached XP level 1. HP: 18/18 MP: 1/1
    75 | D:1      | Reached XP level 2. HP: 20/24 MP: 2/2
   447 | D:1      | Reached XP level 3. HP: 26/29 MP: 3/3
  1350 | D:2      | Reached skill level 4 in Shields
  1390 | D:2      | Reached skill level 1 in Dodging
  1390 | D:2      | Reached XP level 4. HP: 35/37 MP: 4/4
  2214 | D:3      | Found a blossoming altar of Fedhas.
  2341 | D:3      | HP: 1/37 [poison (a potion of poison)]
  2342 | D:3      | Succumbed to poison (a potion of poison)

Action                   |  1- 3 |  4- 6 || total
-------------------------+-------+-------++-------
Melee: War axe           |   126 |    86 ||   212
  Use: Potion            |       |     4 ||     4
  Eat: Chunk             |     2 |    15 ||    17
